 Dungeon Crawl Stone Soup version 0.17.2-1-ge4368a0 (webtiles) character file.

49 Goblin1989 the Insei (level 3, -3/27 HPs)
             Began as a Demigod Transmuter on Sept 28, 2017.
             Killed from afar by a goblin (4 damage)
             ... with a wand of flame
             ... on level 2 of the Dungeon.
             The game lasted 00:02:56 (1621 turns).

Goblin1989 the Insei (Demigod Transmuter)           Turns: 1621, Time: 00:02:57

Health: -3/27      AC:  4    Str: 13    XL:     3   Next: 32%
Magic:  8/8        EV: 12    Int: 19    God:
Gold:   78         SH:  0    Dex: 16    Spells: 2 memorised, 2 levels left

rFire  + . .     SeeInvis .       - Unarmed
rCold  + . .     Clarity  .     b - +0 robe
rNeg   . . .     SustAt   +     (no shield)
rPois  +         Gourm    .     j - +1 hat
rElec  +         Spirit   .     (no cloak)
rCorr  +         Warding  .     h - +0 pair of gloves
rMut   .         Stasis   .     (no boots)
MR     .....                    (no amulet)
Stlth  +.........               (no ring)
                                (no ring)

@: lethally poisoned (-3 -> -6), resistant, hasted, very quick, not resistant to
hostile enchantments, very unstealthy
A: high mp 1, sustain attributes
a: no special abilities


You were on level 2 of the Dungeon.
You were hungry.

You visited 1 branch of the dungeon, and saw 2 of its levels.

You collected 78 gold pieces.

Inventory:

Missiles
 a - 12 arrows
 g - 14 arrows of frost
Armour
 b - a +0 robe (worn)
 h - a +0 pair of gloves (worn)
 j - a +1 hat (worn)
Scrolls
 d - 2 scrolls of teleportation {unknown}
 f - a scroll of noise {unknown}
 i - a scroll of amnesia {unknown}
 n - a scroll of fear {unknown}
Potions
 k - a potion of resistance
Books
 c - a book of Changes

   Spells                             Type                      Level
   a - Beastly Appendage              Transmutation                1
   b - Sticks to Snakes               Transmutation                2
   c - Spider Form                    Transmutation/Poison         3
   d - Ice Form                       Ice/Transmutation            4
   e - Blade Hands                    Transmutation                5
Comestibles
 e - a bread ration {@e1}
 o - a beef jerky


   Skills:
 - Level 0.8 Fighting
 - Level 1.7 Dodging
 + Level 4.1 Unarmed Combat
 - Level 1.7 Spellcasting
 - Level 1.7 Transmutations


You had 2 spell levels left.
You knew the following spells:

 Your Spells              Type           Power        Failure   Level  Hunger
a - Beastly Appendage     Trmt           #.....       10%         1    #......
b - Sticks to Snakes      Trmt           #.........   14%         2    ###....


Dungeon Overview and Level Annotations

Branches:
Dungeon (2/15)


Innate Abilities, Weirdness & Mutations

You have an increased reservoir of magic (+10% MP).
Your attributes are resistant to harm.


Message History

No target in view!
No target in view!
No target in view!
No target in view!
No target in view!
No target in view!
No target in view!
No target in view!
No target in view!
No target in view!
No target in view!
No target in view!
Things that are here:
a club; a hobgoblin corpse A goblin comes into view.
It is wielding a club.
You see here a shiny bronze ring.
A goblin is nearby!
A goblin is nearby!
A kobold comes into view.
A goblin comes into view.
The goblin shouts!
The goblin picks up a blackened ivory wand.
A hobgoblin comes into view.
The goblin shouts!
The kobold shouts!
The goblin closely misses you.
The kobold throws a stone.
The stone barely misses you.
You closely miss the goblin. The goblin barely misses you.
The goblin zaps a wand.
The puff of flame hits you!
It is a wand of flame.
You hit the kobold.
The kobold is moderately wounded.
The kobold hits you. The goblin hits you with a club.
You are too injured to fight recklessly!
You are too injured to fight recklessly!
You are too injured to fight recklessly!
You take 13 damage, and have 13/27 hp.
O_OOPS!!
MASSIVE DAMAGE!!
You are too injured to fight recklessly!
You are too injured to fight recklessly!
You are too injured to fight recklessly!
You are too injured to fight recklessly!
You are too injured to fight recklessly!
You are too injured to fight recklessly!
You are too injured to fight recklessly!
You are too injured to fight recklessly!
You are too injured to fight recklessly!
You are too injured to fight recklessly!
You are too injured to fight recklessly!
You are too injured to fight recklessly!
You are too injured to fight recklessly!
You are too injured to fight recklessly!
You are too injured to fight recklessly!
You are too injured to fight recklessly!
You are too injured to fight recklessly!
You are too injured to fight recklessly!
You are too injured to fight recklessly!
You are too injured to fight recklessly!
You are too injured to fight recklessly!
You are too injured to fight recklessly!
You are too injured to fight recklessly!
You are too injured to fight recklessly!
You are too injured to fight recklessly!
You are too injured to fight recklessly!
You are too injured to fight recklessly!
You are too injured to fight recklessly!
You are too injured to fight recklessly!
Unknown command.
A goblin comes into view.
The goblin shouts!
The kobold throws a stone.
The stone closely misses you.
You see here a stone.
You see here a shiny bronze ring.
The goblin hits you but does no damage.
The goblin zaps a wand.
The puff of flame hits you!
* * * LOW HITPOINT WARNING * * *
You take 8 damage, and have 6/27 hp.
O_OOPS!!
MASSIVE DAMAGE!!
An adder comes into view.
You are feeling hungry.
The goblin zaps a wand.
The puff of flame misses you.
A bat comes into view.
The adder bites you.
* * * LOW HITPOINT WARNING * * *
You are lethally poisoned!
The adder poisons you! The adder bites you.
* * * LOW HITPOINT WARNING * * *
You see here a leather armour.
You take 4 damage, and have 3/27 hp.
Drink which item? (? for menu, Esc to quit)
It was a potion of resistance.
You feel protected.
* * * LOW HITPOINT WARNING * * *
You feel sick. The adder misses you.
You take 1 damage, and have 2/27 hp.
Drink which item? (? for menu, Esc to quit)
It was a potion of poison.
You feel slightly nauseous. The adder closely misses you.
The goblin closely misses you.
Drink which item? (? for menu, Esc to quit)
It was a potion of haste.
You feel yourself speed up.
* * * LOW HITPOINT WARNING * * *
You feel sick. The adder bites you but does no damage.
The goblin zaps a wand.
The puff of flame hits you! You resist.
You die...

█.........█ █...
........█.........█
█...
........██████....█
█... ........█
█...(█ █...
........█ █(...█
█... ........█
█g...█ █...
.......b█ █=...█
█... ........█
█....█ █...
......g@█ █.g..█


████ ......Sg██████....████ ........K...gg.....).█ .....>....g..........█
███████..............█ █....).........█ █..............█ █..............█
█..............█ You could see an adder, 2 goblins, a bat (sleeping) and a
kobold.

Vanquished Creatures
  An ooze (D:1)
  8 bats
  3 giant cockroaches (D:1)
  6 hobgoblins
  4 jackals (D:2)
  2 kobolds (D:1)
  A quokka (D:2)
  A ball python (D:1)
  A giant gecko (D:1)
  4 giant newts (D:1)
  5 goblins
  4 rats
40 creatures vanquished.

Notes
Turn   | Place    | Note
--------------------------------------------------------------
     0 | D:1      | Goblin1989 the Demigod Transmuter began the quest for the Orb.
     0 | D:1      | Reached XP level 1. HP: 15/15 MP: 5/5
   123 | D:1      | Reached skill level 3 in Unarmed Combat
   190 | D:1      | Reached XP level 2. HP: 10/22 MP: 5/7
  1195 | D:2      | Reached XP level 3. HP: 20/27 MP: 8/8
  1247 | D:2      | Learned a level 2 spell: Sticks to Snakes
  1297 | D:2      | Reached skill level 4 in Unarmed Combat
  1621 | D:2      | HP: 1/27 [poisoned by an adder]
  1621 | D:2      | Killed from afar by a goblin

Action                   || total
-------------------------++-------
Melee: Unarmed           ||   137
 Cast: Beastly Appendage ||     8
  Use: Potion            ||     3
 Stab: Sleeping          ||     3
  Eat: Chunk             ||     2

Vault maps used:
D:1:      minmay_arrival_solitary_statue, minmay_misc_feat_ornament,
          hangedman_decor_riveting, moated_statue
